 Dungeon Crawl Stone Soup version 0.21-a0-110-g8e1637b (webtiles) character file.

69 meatball the Sneak (level 4, -1/29 HPs)
             Began as an Octopode Assassin on July 7, 2017.
             Slain by an adder (2 damage)
             ... on level 2 of the Dungeon.
             The game lasted 00:04:42 (848 turns).

meatball the Sneak (Octopode Assassin)               Turns: 848, Time: 00:04:42

Health: -1/29      AC:  1    Str: 15    XL:     4   Next: 20%
Magic:  4/4        EV: 13    Int: 13    God:
Gold:   39         SH:  0    Dex: 14    Spells: 3/3 levels left

rFire    . . .     SeeInvis .   a - +2 dagger
rCold    . . .     Gourm    .   (no shield)
rNeg     . . .     Faith    .   (helmet restricted)
rPois    .         Spirit   .   (no amulet)
rElec    .         Reflect  .   k - +4 ring of slaying
rCorr    .         Harm     .   (no ring)
MR       .....                  (no ring)
Stlth    ++++......             (no ring)
HPRegen  0.09/turn              (no ring)
MPRegen  0.09/turn              (no ring)
                                (no ring)
                                (no ring)

@: mighty, lethally poisoned (-1 -> -6)
A: almost no armour, stealthy swim, amphibious, 8 rings, constrict 8, camouflage
1, gelatinous body 1
a: no special abilities


You were on level 2 of the Dungeon.
You were not hungry.

You visited 1 branch of the dungeon, and saw 2 of its levels.

You collected 39 gold pieces.

Inventory:

Hand Weapons
 a - a +2 dagger (weapon)
 b - a +0 blowgun
Missiles
 c - 8 poisoned needles
 d - 2 curare-tipped needles
Jewellery
 k - a +4 ring of slaying (left tentacle)
Scrolls
 e - a scroll of recharging {unknown}
 j - a scroll of amnesia {unknown}
Comestibles
 f - a bread ration
 g - 4 chunks of flesh
 i - a meat ration


   Skills:
 - Level 2.0 Fighting
 + Level 3.0 Short Blades
 - Level 2.0 Throwing
 + Level 2.1 Dodging
 * Level 6.3 Stealth


You had 3 spell levels left.
You didn't know any spells.

Dungeon Overview and Level Annotations

Branches:
Dungeon (2/15)

Altars:
Dithmenos


Innate Abilities, Weirdness & Mutations

You cannot wear most types of armour.
You are very stealthy in the water. (Stealth+)
You are amphibious.
You can wear up to eight rings at the same time.
You can use your tentacles to constrict eight enemies at once.
Your skin changes colour to match your surroundings (Stealth+).
Your rubbery body absorbs attacks. (AC +1, EV +1)


Message History

It was a potion of might.
You feel very mighty all of a sudden.
* * * LOW HITPOINT WARNING * * *
You feel sick. The adder bites you.
* * * LOW HITPOINT WARNING * * *
You aren't carrying any potions.
You aren't wearing any rings or amulets.
Okay, then.
k - a +4 ring of slaying (left tentacle)
The adder bites you.
* * * LOW HITPOINT WARNING * * *
Some of the chunks of flesh in your inventory have rotted away.
* * * LOW HITPOINT WARNING * * *
You feel sick.
There is a stone staircase leading up here.
* * * LOW HITPOINT WARNING * * *
You feel sick. The adder bites you.
* * * LOW HITPOINT WARNING * * *
The adder bites you.
You die...

########## #........#
. #........# ..
.##........# ###. .
...........# ......
##........###.##..
<..............#.#+#
..#.########.....#.#
....(..@..)(.......
.......gS#)#.#...#.#
.#........#.......####
#.#####..#'..#.......
# #.........###....
.......##..###..#
.......###..#..##
...#.#.. #...).#
....................


You could see an adder and a goblin.

Vanquished Creatures
  4 gnolls (D:2)
  3 leopard geckos (D:1)
  3 bats (D:1)
  2 giant cockroaches (D:1)
  3 goblins (D:1)
  4 hobgoblins
  2 kobolds
  2 frilled lizards (D:1)
  4 rats (D:1)
27 creatures vanquished.

Notes
Turn   | Place    | Note
-------+----------+-------------------------------------------
     0 | D:1      | meatball the Octopode Assassin began the quest for the Orb.
     0 | D:1      | Reached XP level 1. HP: 14/14 MP: 1/1
   216 | D:1      | Reached XP level 2. HP: 14/19 MP: 2/2
   441 | D:1      | Reached XP level 3. HP: 17/24 MP: 3/3
   611 | D:2      | Reached skill level 6 in Stealth
   620 | D:2      | Reached XP level 4. HP: 13/29 MP: 4/4
   827 | D:2      | Found a shadowy altar of Dithmenos.
   848 | D:2      | HP: 1/29 [adder (2)]
   848 | D:2      | Slain by an adder

Vault maps used:
D:1:      matt_arrival_los_fun
D:2:      nicolae_ashenzari_panopticon, nicolae_dithmenos_shadow_blocks,
          kennysheep_nub, xom_teletrap_fun

Skill      XL: |  1  2  3 |
---------------+----------+-----
Stealth        | 6 |  6.3
Dodging        | 2 |  2.1
Short Blades   | 3 |  3.0
Fighting       | |  2.0
Throwing       | |  2.0

Action                   |  1- 3 |  4- 6 || total
-------------------------+-------+-------++-------
Melee: Dagger            |    54 |     7 ||    61
       Tentacles         |    15 |     1 ||    16
       Constrict         |    15 |     1 ||    16
  Use: Potion            |       |     1 ||     1
 Stab: Sleeping          |     6 |       ||     6
       Distracted        |     2 |       ||     2
Armor: Skin              |     3 |       ||     3
Dodge: Dodged            |    23 |     4 ||    27
